 Dungeon Crawl Stone Soup version 0.26.0-45-g9c1d065592 (webtiles) character file.

Game seed: 16782665205990165307

485 Majorwet the Magician (level 6, 0/35 HPs)
             Began as a Deep Elf Air Elementalist on Jan 28, 2021.
             Succumbed to a scorpion's poison
             ... on level 4 of the Dungeon.
             The game lasted 00:14:14 (4236 turns).

Majorwet the Magician (Deep Elf Air Elementalist)   Turns: 4236, Time: 00:14:14

Health: 0/35       AC:  4    Str:  7    XL:     6   Next: 88%
Magic:  1/15       EV: 13    Int: 20    God:
Gold:   170        SH:  0    Dex: 15    Spells: 14/15 levels left

rFire    . . .     SeeInvis .   f - +4 dagger
rCold    . . .     Faith    .   (no shield)
rNeg     . . .     Spirit   .   k - +1 robe
rPois    .         Reflect  .   (no helmet)
rElec    .         Harm     .   r - +0 cloak
rCorr    .         Rampage  .   (no gloves)
Will     .....                  (no boots)
Stlth    ++........             (no amulet)
HPRegen  0.11/turn              (no ring)
MPRegen  0.14/turn              (no ring)

@: lethally poisoned (0 -> -18)
A: no striking features
a: no special abilities


You were on level 4 of the Dungeon.
You visited 1 branch of the dungeon, and saw 4 of its levels.

You collected 170 gold pieces.

Inventory:

Hand Weapons
 f - a +4 dagger (weapon)
 q - a +2 quarterstaff of chaos
Armour
 g - a +2 kite shield of fire resistance
 k - a +1 robe (worn)
 r - a +0 cloak (worn)
Jewellery
 e - an uncursed ring of poison resistance {unknown}
 o - an uncursed ring of ice
Wands
 a - a wand of random effects (11)
Scrolls
 b - 2 scrolls of immolation
 c - a scroll of magic mapping
 i - 2 scrolls of noise
 l - 2 scrolls of identify
 m - a scroll of enchant weapon
 s - a scroll of fog {unknown}
 u - a scroll of random uselessness {unknown}
Potions
 d - 2 potions of flight {unknown}
 h - a potion of invisibility {unknown}
 j - 3 potions of lignification {unknown}
 n - a potion of attraction {unknown}
 p - 2 potions of curing
 t - a potion of mutation {unknown}


   Skills:
 * Level 2.2 Fighting
 + Level 0.7 Short Blades
 + Level 0.5 Staves
 + Level 2.8 Dodging
 + Level 3.1 Stealth
 * Level 2.3 Unarmed Combat
 + Level 5.3 Spellcasting
 + Level 2.8 Conjurations
 + Level 4.1 Air Magic


You had 14 spell levels left.
You knew the following spells:

 Your Spells              Type           Power        Failure   Level
a - Shock                 Conj/Air       76%          2%          1

Your spell library contained the following spells:

 Spells                   Type           Power        Failure   Level
 Swiftness                Air            22%          3%          2
 Static Discharge         Conj/Air       19%          9%          3
 Airstrike                Air            11%          21%         4
 Lightning Bolt           Conj/Air       9%           58%         5


Dungeon Overview and Level Annotations

Branches:
Dungeon (4/15)
 Temple: D:4-7

Altars:
Dithmenos
Makhleb
Xom


Message History

The zap misses the scorpion.
The scorpion misses you.
The zap hits the scorpion but does no damage.
The scorpion is severely wounded.
The scorpion stings you!
You barely miss the scorpion.
The scorpion is severely wounded.
The scorpion stings you.
You are poisoned.
The scorpion poisons you!
You barely miss the scorpion.
The scorpion is severely wounded.
You feel sick. The scorpion stings you!
* * * LOW HITPOINT WARNING * * *
You are more poisoned.
The scorpion poisons you!
You puncture the scorpion!
You kill the scorpion!
* * * LOW HITPOINT WARNING * * *
You feel sick.
You die...

###....####################
#.........................
#.....####################
#.##### #.............# #
#.###########.# #.# #.# #.#
#.#### ##.## #..... #.@.#
###### #†..# .†...#
.......# .........#
......#### ....$. ......


There were no monsters in sight!

Vanquished Creatures
  Sigmund (D:3)
  2 scorpions (D:4)
  A howler monkey (D:4)
  Crazy Yiuf (D:2)
  Jessica (D:2)
  Terence (D:2)
  An orc wizard (D:2)
  3 adders
  A gnoll (D:1)
  An ooze (D:2)
  2 leopard geckos
  4 orcs (D:2)
  5 giant cockroaches
  8 goblins
  8 hobgoblins
  7 jackals
  A quokka (D:2)
  2 bats (D:1)
  2 frilled lizards
  7 kobolds
  A rat (D:2)
60 creatures vanquished.

Notes
Turn   | Place    | Note
-------+----------+-------------------------------------------
     0 | D:1      | Majorwet the Deep Elf Air Elementalist began the quest for
                  | the Orb.
     0 | D:1      | Reached XP level 1. HP: 10/10 MP: 6/6
   669 | D:1      | Reached XP level 2. HP: 15/15 MP: 6/8
  1252 | D:2      | Noticed Jessica
  1455 | D:2      | Reached XP level 3. HP: 19/20 MP: 1/9
  1650 | D:2      | Killed Jessica
  2039 | D:2      | Noticed Terence
  2050 | D:2      | Killed Terence
  2051 | D:2      | Reached skill level 1 in Unarmed Combat
  2051 | D:2      | Reached XP level 4. HP: 14/24 MP: 2/11
  2257 | D:2      | Reached skill level 1 in Fighting
  2647 | D:2      | Found a shimmering altar of Xom.
  2658 | D:2      | Found a burning altar of Makhleb.
  2753 | D:2      | Found a runed translucent door.
  2754 | D:2      | Noticed Crazy Yiuf
  2891 | D:2      | Killed Crazy Yiuf
  2892 | D:2      | Reached skill level 4 in Spellcasting
  2892 | D:2      | Reached XP level 5. HP: 29/29 MP: 7/13
  2996 | D:3      | Noticed Sigmund
  3014 | D:3      | Killed Sigmund
  3015 | D:3      | Reached XP level 6. HP: 24/35 MP: 1/15
  3833 | D:3      | Found a shadowy altar of Dithmenos.
  4004 | D:4      | Reached skill level 5 in Spellcasting
  4235 | D:4      | HP: 1/35 [poisoned by a scorpion]
  4236 | D:4      | Succumbed to a scorpion's poison

Illustrated notes

Levels and vault maps discovered:
D:1:      matt_arrival_los_fun, layout_basic
D:2:      layout_rooms, amethyst_overflow_temple_binary,
          uniq_crazy_yiuf_cottage, uniq_jessica, uniq_terence
D:3:      layout_loops_ring, lemuel_coloured_pillars_altar, uniq_sigmund
D:4:      layout_basic

Skill      XL: |  1  2  3  4  5  6 |
---------------+-------------------+-----
Unarmed Combat | 1 2 |  2.3
Fighting       | 1 2 |  2.2
Spellcasting   | 4 5 |  5.3
Stealth        | 3 |  3.1
Conjurations   | 2 |  2.8
Air Magic      | 4 |  4.1
Short Blades   | |  0.7
Staves         | |  0.5
Dodging        | |  2.8

Action                   |  1- 3 |  4- 6 || total
-------------------------+-------+-------++-------
Melee: Unarmed           |    11 |       ||    11
       Dagger            |    14 |    10 ||    24
       Quarterstaff      |       |     3 ||     3
 Cast: Shock             |    66 |   107 ||   173
  Use: Scroll            |     4 |     3 ||     7
 Stab: Sleeping          |       |     1 ||     1
Armor: Robe              |     6 |     7 ||    13
Dodge: Dodged            |    26 |    17 ||    43
Block: Kite shield       |     6 |       ||     6
